 Dungeon Crawl Stone Soup version 0.29.0-4-gdea44cf6ec (webtiles) character file.

Game seed: 11194975681029902752

2913 Leibowitz the Cleaver (level 9, -2/118 HPs)
             Began as a Minotaur Fighter on Aug 27, 2022.
             Was a Believer of Trog.
             Slain by an orc knight
             ... wielding a +0 war axe
              (21 damage)
             ... in a bailey.
             The game lasted 00:29:57 (8420 turns).

Leibowitz the Cleaver (Minotaur Fighter)            Turns: 8420, Time: 00:29:58

Health: -2/118     AC: 13    Str: 25    XL:     9   Next: 49%
Magic:  8/8        EV: 11    Int: 11    God:    Trog [**....]
Gold:   276        SH:  5    Dex: 10    Spells: 8/8 levels left

rFire   . . .      SeeInvis .   a - +0 war axe
rCold   + . .      Faith    .   c - +0 buckler
rNeg    . . .      Spirit   .   o - +3 scale mail {rC+}
rPois   .          Reflect  .   (helmet restricted)
rElec   .          Harm     .   (no cloak)
rCorr   .          Rampage  .   (no gloves)
Will    ++...                   C - +1 pair of boots
Stlth   ..........              (no amulet)
HPRegen 1.29/turn               b - +6 ring of intelligence
MPRegen 0.11/turn               (no ring)

@: berserking, strong-willed, regenerating, very quick
A: horns 2, retaliatory headbutt
a: Renounce Religion, Berserk, Trog's Hand


You were in a bailey.
You worshipped Trog.
Trog was pleased with you.
You visited 2 branches of the dungeon, and saw 8 of its levels.
You also visited: Bailey.

You collected 276 gold pieces.

Inventory:

Hand Weapons
 a - a +0 war axe (weapon)
 v - a +2 trident of protection
Missiles
 s - 2 throwing nets (quivered)
Armour
 c - a +0 buckler (worn)
 o - a +3 scale mail of cold resistance (worn)
 C - a +1 pair of boots (worn)
Jewellery
 b - a +6 ring of intelligence (left hand)
Wands
 r - a wand of polymorph (6)
 z - a wand of paralysis (16)
 A - a wand of mindburst (20)
Scrolls
 g - a scroll of enchant armour
 i - 8 scrolls of identify
 l - 6 scrolls of teleportation {unknown}
 m - 3 scrolls of fear {unknown}
 n - 2 scrolls of butterflies {unknown}
 p - a scroll of vulnerability {unknown}
 y - 2 scrolls of enchant weapon {unknown}
 B - a scroll of poison {unknown}
Potions
 e - 5 potions of curing
 f - a potion of berserk rage
 h - a potion of haste {unknown}
 j - a potion of lignification {unknown}
 k - a potion of resistance {unknown}
 q - 2 potions of mutation {unknown}
 t - a potion of cancellation {unknown}
 u - a potion of invisibility
 w - a potion of might
 x - a potion of heal wounds {unknown}


   Skills:
 * Level 7.1 Fighting
 * Level 10.3 Axes
 * Level 8.6 Armour
 * Level 4.2 Dodging
 * Level 6.4 Shields


You had 8 spell levels left.
You didn't know any spells.
Your spell library contained the following spells:

 Spells                   Type           Power      Damage    Failure   Level
 Beastly Appendage        Tmut           0%         N/A       67%         1
 Wereblood                Tmut           0%         N/A       82%         2
 Spider Form              Tmut/Pois      0%         N/A       96%         3


Dungeon Overview and Level Annotations

Branches:
Dungeon (7/15)             Temple (1/1) D:4          Bailey (1/1)

Altars:
Ashenzari
Cheibriados
Dithmenos
Elyvilon
Fedhas
Kikubaaqudgha
Nemelex Xobeh
Okawaru
Qazlal
Ru
Sif Muna
Trog
Wu Jian
Xom
Zin


Innate Abilities, Weirdness & Mutations

You have a pair of horns on your head.
You reflexively headbutt those who attack you in melee.


Message History

You hit the orc knight but do no damage.
The orc knight is lightly wounded.
The orc knight hits you with a +0 war axe!
You slash the orc knight! Your headbutt misses the orc knight.
The orc knight is lightly wounded.
The orc knight hits you with a +0 war axe!
Your skin crawls.
You feel strong-willed.
The orc knight hits you with a +0 war axe!!
A red film seems to cover your vision as you go berserk!
You feel yourself moving faster!
You feel mighty! You block the orc knight's attack.
The orc knight hits you with a +0 war axe!
You hit the orc knight.
The orc knight is moderately wounded.
You barely miss the orc knight. You barely miss the orc knight.
You headbutt the orc knight!
The orc knight is moderately wounded.
You hit the orc knight. The orc knight completely misses you.
The orc knight roars a battlecry!
The orc knight goes into a battle-frenzy!
You hit the orc knight. You headbutt the orc knight!
The orc knight is heavily wounded.
You closely miss the kobold. You barely miss the orc knight.
The orc knight hits you with a +0 war axe!
* * * LOW HITPOINT WARNING * * *
The orc knight hits you with a +0 war axe!
* * * LOW HITPOINT WARNING * * *
The kobold closely misses you. You furiously retaliate!
You headbutt the kobold.
You kill the kobold!
Trog accepts your kill.
You closely miss the orc knight.
The orc knight is heavily wounded.
You barely miss the orc knight. You slice the orc knight!!
You headbutt the orc knight.
The orc knight is almost dead.
You closely miss the orc knight. You block the orc knight's attack.
The orc knight hits you with a +0 war axe!!
You die...

##### ###...###
##.......##
#.........#
#....∩....#
#..(......#
##@o.....##
##oo...## ##...###
####...##
####.....##
###.(.g...##
####..o...∩..#
####.............#
#........≈≈≈≈≈≈≈≈~#


You could see 2 orc knights and an orc warrior (strong).

Vanquished Creatures
  Pikel (D:6)
  3 yaks
  A steam dragon (D:4)
  A water moccasin (D:5)
  An ogre (D:6)
  A centaur (D:6)
  2 kobold brigands
  A necrophage (D:5)
  A bullfrog (D:7)
  A gnoll sergeant (D:5)
  A scorpion (D:6)
  8 wights
  A howler monkey (D:6)
  2 hounds
  5 orc priests
  Terence (D:2)
  2 iguanas
  6 orc wizards
  12 gnolls
  9 adders
  2 shadow imps
  3 white imps
  3 ufetubi (D:6)
  3 worms
  2 dart slugs
  28 orcs
  5 ball pythons
  3 endoplasms
  3 giant cockroaches
  7 goblins
  8 hobgoblins
  2 quokkas
  5 bats
  4 frilled lizards
  10 kobolds
  5 rats
153 creatures vanquished.

Vanquished Creatures (others)
  An adder (D:4)
  7 demonic plants (D:2)
  4 plants (D:2)
  7 withered plants (D:2)
19 creatures vanquished.

Grand Total: 172 creatures vanquished

Notes
Turn   | Place    | Note
-------+----------+-------------------------------------------
     0 | D:1      | Leibowitz the Minotaur Fighter began the quest for the Orb.
     0 | D:1      | Reached XP level 1. HP: 19/19 MP: 0/0
   168 | D:1      | Reached XP level 2. HP: 27/27 MP: 1/1
   742 | D:1      | You fall into a shaft and drop 1 floor!
   808 | D:2      | Found a white marble altar of Elyvilon.
   912 | D:2      | Found a faded altar of an unknown god.
   920 | D:2      | Reached XP level 3. HP: 33/33 MP: 2/2
  1459 | D:2      | Reached skill level 3 in Axes
  1575 | D:2      | Reached skill level 1 in Dodging
  1587 | D:2      | Reached XP level 4. HP: 7/40 MP: 3/3
  1876 | D:2      | Noticed Terence
  1894 | D:2      | Killed Terence
  2382 | D:3      | Reached XP level 5. HP: 25/47 MP: 4/4
  2385 | D:3      | Reached skill level 4 in Axes
  2385 | D:3      | Reached skill level 5 in Armour
  3358 | D:3      | Reached XP level 6. HP: 53/53 MP: 5/5
  3703 | D:3      | Found a stormy altar of Qazlal.
  4093 | D:3      | Reached skill level 5 in Axes
  4753 | D:4      | Found a staircase to the Ecumenical Temple.
  4756 | D:4      | Noticed a steam dragon
  4770 | Temple   | Entered the Ecumenical Temple
  4770 | Temple   | Found a transporter.
  4770 | Temple   | Found a transporter.
  4794 | Temple   | Found a transporter.
  4794 | Temple   | Found a transporter.
  4814 | Temple   | Became a worshipper of Trog the Wrathful
  4844 | D:4      | Killed a steam dragon
  4845 | D:4      | Reached skill level 5 in Fighting
  4845 | D:4      | Reached XP level 7. HP: 29/61 MP: 6/6
  5016 | D:4      | Found a shimmering altar of Xom.
  5016 | D:4      | Found a shimmering altar of Xom.
  5016 | D:4      | Found a shimmering altar of Xom.
  5018 | D:4      | Found a shimmering altar of Xom.
  5019 | D:4      | Found a shimmering altar of Xom.
  5019 | D:4      | Found a shimmering altar of Xom.
  5302 | D:4      | Reached skill level 6 in Axes
  5679 | D:5      | Entered Level 5 of the Dungeon
  5722 | D:5      | Reached skill level 5 in Shields
  6212 | D:5      | Reached * piety under Trog
  6392 | D:5      | Reached skill level 7 in Axes
  6392 | D:5      | Reached XP level 8. HP: 69/69 MP: 7/7
  6645 | D:6      | Noticed Pikel
  6711 | D:6      | Killed Pikel
  6712 | D:6      | Reached skill level 8 in Axes
  7493 | D:6      | Reached skill level 9 in Axes
  7711 | D:6      | Reached XP level 9. HP: 78/78 MP: 8/8
  7790 | D:7      | HP: 3/117 [yak (12)]
  7793 | D:7      | HP: 1/117 [yak (2)]
  8074 | D:7      | Reached skill level 10 in Axes
  8232 | D:7      | Reached ** piety under Trog
  8239 | D:7      | Found a flagged portal.
  8252 | Bailey   | Entered a bailey
  8386 | Bailey   | Noticed an orc knight
  8390 | Bailey   | Noticed an orc knight
  8420 | Bailey   | Slain by an orc knight

Illustrated notes

Levels and vault maps discovered:
D:1:      roderic_chinese_lattice_arrival, layout_basic, minivault_19
D:2:      layout_loops_corners, shapermc_ecumenical_altar_gd, basic_altar,
          minmay_misc_feat_tower, uniq_terence
D:3:      layout_basic, grunt_qazlal_clouds
D:4:      layout_loops_ring, xom_redecorated, minmay_temple_entry_tees
D:5:      layout_loops_ring, corexii_hall_statues_i, minmay_liquid_box,
          minivault_24
D:6:      layout_loops_cross, grunt_ministairs_5, amcnicky_mini_pool_small,
          st_stairs_5, nicolae_elevator_lobby_plus, uniq_pikel
D:7:      minmay_spotlight, layout_rooms, lightli_bailey_entry_fortress,
          uniq_crazy_yiuf_cottage
Temple:   hellmonk_temple_divided_pantheon
Bailey:   bailey_axe_4, bailey

Skill      XL: |  1  2  3  4  5  6  7  8  9 |
---------------+----------------------------+-----
Shields        | 4 5 6 |  6.4
Armour         | 4 5 6 7 8 |  8.6
Fighting       | 4 5 6 7 |  7.1
Axes           | 3 4 5 7 9 10 | 10.3
Dodging        | 1 2 3 4 |  4.2

Action                   |  1- 3 |  4- 6 |  7- 9 || total
-------------------------+-------+-------+-------++-------
Melee: War axe           |    75 |   128 |   248 ||   451
       Headbutt          |    11 |    16 |    39 ||    66
Invok: Berserk           |       |       |     4 ||     4
       Trog's Hand       |       |       |     1 ||     1
  Use: Potion            |     1 |     2 |     1 ||     4
       Scroll            |       |       |     4 ||     4
Armor: Scale mail        |    44 |    62 |   114 ||   220
Dodge: Dodged            |    55 |    83 |   109 ||   247
Block: Buckler           |    19 |    33 |    44 ||    96
